 Dungeon Crawl Stone Soup version 0.27.1-15-g792fb953b9 (webtiles) character file.

Game seed: 6324577926370031498

977 bearlyready the Covert (level 8, -13/46 HPs)
             Began as a Kobold Fighter on Nov 18, 2021.
             Killed from afar by Ijyb (19 damage)
             ... with a bolt of acid
             ... on level 5 of the Dungeon.
             The game lasted 00:09:48 (6278 turns).

bearlyready the Covert (Kobold Fighter)             Turns: 6278, Time: 00:09:49

Health: -13/46     AC:  9    Str: 13    XL:     8   Next: 40%
Magic:  8/8        EV: 10    Int:  9    God:
Gold:   170        SH:  6    Dex: 17    Spells: 7/7 levels left

rFire    . . .     SeeInvis .   b - +0 dagger (venom)
rCold    . . .     Faith    .   c - +0 buckler
rNeg     . . .     Spirit   .   h - +0 scale mail
rPois    .         Reflect  .   q - +2 helmet
rElec    .         Harm     .   (no cloak)
rCorr    .         Rampage  .   (no gloves)
Will     .....                  (no boots)
Stlth    ++++......             (no amulet)
HPRegen  0.15/turn              (no ring)
MPRegen  0.11/turn              (no ring)

@: no status effects
A: small, no large weapons, nightstalker 3
a: no special abilities


You were on level 5 of the Dungeon.
You visited 1 branch of the dungeon, and saw 5 of its levels.

You collected 170 gold pieces.

Inventory:

Hand Weapons
 a - a +0 rapier
 b - a +0 dagger of venom (weapon)
Missiles
 u - 7 poisoned darts (quivered)
 v - 6 boomerangs
Armour
 c - a +0 buckler (worn)
 h - a +0 scale mail (worn)
 q - a +2 helmet (worn)
Jewellery
 k - a ring of ice
 l - a +6 ring of intelligence
Wands
 n - a wand of acid (14)
Scrolls
 e - a scroll of enchant armour {unknown}
 g - 4 scrolls of blinking {unknown}
 m - 4 scrolls of identify {unknown}
 o - 3 scrolls of teleportation {unknown}
 t - a scroll of immolation {unknown}
Potions
 d - a potion of might
 f - 2 potions of curing
 i - a potion of brilliance {unknown}
 j - 2 potions of invisibility {unknown}
 p - a potion of mutation {unknown}
 r - a potion of lignification {unknown}
 s - a potion of ambrosia {unknown}
 w - a potion of magic {unknown}
 x - a potion of attraction {unknown}


   Skills:
 - Level 3.2 Fighting
 + Level 7.9 Short Blades
 + Level 4.4 Throwing
 - Level 2.4 Armour
 + Level 8.0 Stealth
 - Level 2.4 Shields


You had 7 spell levels left.
You didn't know any spells.
Your spell library contained the following spells:

 Spells                   Type           Power      Damage    Failure   Level
 Beastly Appendage        Tmut           0%         N/A       94%         1
 Wereblood                Tmut           0%         N/A       98%         2
 Spider Form              Tmut/Pois      0%         N/A       100%        3


Dungeon Overview and Level Annotations

Branches:
Dungeon (5/15)
 Temple: D:4-7

Altars:
Ru

Annotations:
D:5 Ijyb


Innate Abilities, Weirdness & Mutations

You are small and have problems with some larger weapons.
You are completely attuned to the shadows.


Message History

You hit the gnoll but do no damage.
The gnoll looks as sick as possible!
The gnoll is heavily wounded.
The gnoll hits you but does no damage.
You hit the gnoll.
The gnoll is heavily wounded.
You barely miss the gnoll.
The gnoll is severely wounded.
The gnoll hits you with a +0 club.
You hit the gnoll but do no damage.
The gnoll looks as sick as possible!
The gnoll is almost dead.
Ijyb the Twisted Goblin comes into view.
She is wielding a +0 club and carrying a wand of acid (10).
You hit the gnoll.
You kill the gnoll!
Your Stealth skill increases to level 8!
There are monsters nearby!
There are monsters nearby!
You barely miss the white imp.
Aiming: Corrosive Bolt
Press: ? - help, Shift-Dir - straight line, f - white imp
Aim: a white imp (71% to hit)
The bolt of acid hits the white imp!
The white imp is splashed with acid.
The acid corrodes the white imp!
You kill the white imp!
The bolt of acid misses Ijyb.
Found a lumpy black potion.
Ijyb zaps a wand.
The bolt of acid hits you.
You are splashed with acid!
You completely miss Ijyb.
Ijyb zaps a wand.
The bolt of acid hits you!
You are splashed with acid!
* * * LOW HITPOINT WARNING * * *
Okay, then.
Okay, then.
Aiming: Corrosive Bolt
Press: ? - help, Shift-Dir - straight line, f - Ijyb
Aim: Ijyb, wielding a +0 club, wearing a +0 leather armour and carrying a wand of acid (8) (64% to hit)
The bolt of acid misses Ijyb.
Ijyb closely misses you.
Aiming: Corrosive Bolt
Press: ? - help, Shift-Dir - straight line, f/p - Ijyb
Aim: Ijyb, wielding a +0 club, wearing a +0 leather armour and carrying a wand of acid (8) (64% to hit)
The bolt of acid misses Ijyb.
Ijyb zaps a wand.
The bolt of acid hits you!!
You die...

.....## ##.#
......####..###
....>.........#
..............#
.........#...##
.......#.#.#..#####
.......#.#.#......#
......##.#.#..))..#
...........#....@)#
..........##....g.#
..................#
........####......#
......†.# !.....#
.......## ......##
...##†# #..#..##


You could see Ijyb.

Vanquished Creatures
  Prince Ribbit (D:5)
  A water moccasin (D:4)
  2 scorpions (D:4)
  A howler monkey (D:4)
  3 jellies
  2 hounds
  A bullfrog skeleton (D:5)
  2 iguanas (D:5)
  A hound skeleton (D:4)
  Robin (D:3)
  7 gnolls
  8 adders
  2 white imps (D:5)
  3 worms (D:3)
  2 dart slugs
  5 orcs
  7 ball pythons
  15 endoplasms
  3 giant cockroaches
  13 goblins
  8 hobgoblins
  4 quokkas
  5 bats
  2 frilled lizards
  13 kobolds
  3 rats
115 creatures vanquished.

Vanquished Creatures (others)
  2 fungi (D:3)
  8 toadstools (D:3)
10 creatures vanquished.

Grand Total: 125 creatures vanquished

Notes
Turn   | Place    | Note
-------+----------+-------------------------------------------
     0 | D:1      | bearlyready the Kobold Fighter began the quest for the Orb.
     0 | D:1      | Reached XP level 1. HP: 14/14 MP: 1/1
   114 | D:1      | Reached skill level 1 in Stealth
   125 | D:1      | Reached XP level 2. HP: 19/19 MP: 2/2
   441 | D:1      | Reached skill level 2 in Stealth
  1287 | D:2      | Reached XP level 3. HP: 20/23 MP: 3/3
  1383 | D:2      | Reached skill level 3 in Stealth
  1884 | D:2      | Reached XP level 4. HP: 28/28 MP: 4/4
  2519 | D:3      | Reached skill level 4 in Stealth
  2708 | D:3      | Reached XP level 5. HP: 32/32 MP: 5/5
  2719 | D:3      | Noticed Robin
  2754 | D:3      | Killed Robin
  2755 | D:3      | Reached skill level 5 in Short Blades
  3288 | D:3      | Found a sacrificial altar of Ru.
  3331 | D:3      | Reached skill level 5 in Stealth
  3657 | D:3      | Reached XP level 6. HP: 37/37 MP: 6/6
  3902 | D:2      | Reached skill level 1 in Throwing
  5034 | D:4      | Reached skill level 6 in Stealth
  5054 | D:4      | Reached XP level 7. HP: 37/41 MP: 7/7
  5201 | D:4      | Noticed a water moccasin
  5295 | D:4      | Killed a water moccasin
  5882 | D:5      | Entered Level 5 of the Dungeon
  5888 | D:5      | Reached skill level 7 in Stealth
  5940 | D:5      | Reached XP level 8. HP: 32/46 MP: 8/8
  6217 | D:5      | Noticed Prince Ribbit
  6220 | D:5      | Killed Prince Ribbit
  6271 | D:5      | Noticed Ijyb
  6273 | D:5      | Reached skill level 8 in Stealth
  6278 | D:5      | Killed from afar by Ijyb

Illustrated notes

Levels and vault maps discovered:
D:1:      nicolae_arrival_washed_ashore, layout_basic,
          minmay_misc_feat_diagonals, wad_woods_river_04, wad_floor_pattern_2
D:2:      kennysheep_six_static_rooms, layout_rooms, minmay_3d_cube
D:3:      cheibrodos_fertilizer, layout_loops_cross,
          mainiacjoe_overflow_alcove_2, serial_bayou_pond_d, uniq_robin
D:4:      layout_rooms, minmay_ruptured
D:5:      layout_rooms, minmay_misc_feat_plants, uniq_prince_ribbit1, uniq_ijyb

Skill      XL: |  1  2  3  4  5  6  7  8 |
---------------+-------------------------+-----
Short Blades   | 3 4 5 6 7 |  7.9
Stealth        | 1 2 3 4 5 6 7 8 |  8.0
Throwing       | 2 3 4 |  4.4
Fighting       | |  3.2
Armour         | |  2.4
Shields        | |  2.4

Action                   |  1- 3 |  4- 6 |  7- 9 || total
-------------------------+-------+-------+-------++-------
Melee: Rapier            |    25 |       |       ||    25
       Dagger            |    59 |   219 |    90 ||   368
Throw: Throwing net      |       |     1 |     1 ||     2
       Dart              |       |       |     1 ||     1
Evoke: Wand              |       |       |     5 ||     5
  Use: Potion            |       |       |     1 ||     1
 Stab: Sleeping          |     5 |    20 |     8 ||    33
Armor: Scale mail        |    23 |    49 |    11 ||    83
Dodge: Dodged            |    22 |    61 |    20 ||   103
Block: Buckler           |    18 |    32 |    12 ||    62
